Map: Hardwire LE

Players

bean - Winner!

  • Race: Terran Terran
  • League: Platinum

EchoSoldier

  • Race: Zerg Zerg
  • League: Platinum

VOD

Have the link to the VOD?

Description

Time

  • Played on: Dec. 22, 2021, 11:11 p.m.
  • Length: 21:54
Show
View Real Time Build Order
Export as new Build Order

bean Terran - Winner!

Build Orders:  

Get SALT Encoding   

  12  0:00  SCV  
  13  0:13  SCV  
  14  0:18  Supply Depot  
  14  0:25  SCV  
  15  0:39  SCV  
  15  0:41  Barracks  
  16  0:47  Refinery  
  16  0:51  SCV  
  17  1:03  SCV  
  18  1:16  SCV  
  19  1:28  Orbital Command  
  19  1:37  Barracks Reactor  
  19  1:46  Command Center  
  19  1:53  SCV  
  20  2:08  Supply Depot  
  20  2:13  Marine x2  
  22  2:20  SCV  
  23  2:31  Marine  
  23  2:36  Barracks  
  24  2:38  Barracks, SCV  
  25  2:48  Refinery  
  25  2:50  SCV  
  26  3:00  Marine x2  
  26  3:02  Orbital Command  
  26  3:03  SCV  
  29  3:18  Marine x2  
  31  3:25  Barracks Tech Lab, Factory  
  31  3:26  Barracks Tech Lab  
  31  3:30  SCV x2  
  33  3:38  Marine  
  33  3:39  Marine  
  35  3:42  SCV x2  
  38  3:57  Marauder  
  38  4:00  Marauder  
  40  4:07  SCV  
  40  4:08  Bunker, SCV  
  42  4:10  Marine x2  
  44  4:17  Factory Reactor  
  44  4:18  Starport  
  44  4:19  SCV  
  44  4:24  SCV  
  46  4:29  Supply Depot  
  46  4:32  Supply Depot  
  46  4:36  SCV, Marine  
  46  4:38  Marine x2  
  49  4:40  Marauder  
  52  4:46  Supply Depot  
  52  4:49  SCV x2  
  54  4:56  Stimpack  
  54  4:57  Combat Shield  
  54  5:03  SCV x2  
  56  5:13  Marine x2  
  56  5:14  Marine  
  59  5:15  Marauder  
  61  5:25  Factory Tech Lab  
  61  5:26  Supply Depot  
  61  5:27  Supply Depot  
  61  5:30  SCV x2  
  61  5:31  Marine  
  63  5:50  Command Center  
  63  5:53  Marine  
  63  5:54  Marauder x2, Marine  
  63  5:56  SCV  
  70  6:02  Medivac  
  70  6:03  Medivac  
  74  6:08  Siege Tank  
  74  6:10  Marine  
  78  6:11  Marine  
  78  6:16  SCV  
  78  6:17  Refinery  
  80  6:21  Refinery  
  80  6:25  Engineering Bay  
  80  6:29  Engineering Bay, Supply Depot  
  80  6:33  Supply Depot  
  80  6:38  SCV x2  
  82  6:40  Concussive Shells  
  82  6:50  SCV x2  
  83  6:56  Marine x4  
  87  7:05  SCV x2  
  87  7:07  Orbital Command  
  89  7:14  Marauder, Marine  
  89  7:15  Marauder  
  94  7:17  SCV x2  
  94  7:22  Marine  
  97  7:25  Siege Tank  
  97  7:27  Orbital Command  
  97  7:28  Terran Infantry Weapons Level 1  
  100  7:31  Marine  
  100  7:36  Marauder x2  
  105  7:37  SCV  
  105  7:38  SCV  
  105  7:39  Marine  
  108  7:46  Supply Depot  
  108  7:47  Supply Depot  
  108  7:49  SCV, Marine  
  108  7:50  SCV  
  111  7:54  SCV  
  111  7:57  Marauder  
  114  8:01  SCV  
  114  8:02  SCV  
  114  8:03  Marine  
  104  8:09  Supply Depot  
  104  8:10  Supply Depot  
  104  8:12  Marine x2  
  91  8:14  Siege Tank, SCV x2  
  91  8:18  Marine  
  99  8:21  Marine  
  99  8:27  Barracks  
  99  8:30  Barracks, Marine x2  
  101  8:36  Marine  
  101  8:38  Supply Depot  
  101  8:40  Marine, Supply Depot  
  103  8:42  Orbital Command  
  103  8:48  Marine x2  
  103  8:49  SCV x2  
  103  8:54  Marine  
  106  8:58  Marine  
  106  9:01  SCV x2  
  87  9:11  Marine x2  
  87  9:12  Marine  
  87  9:16  Marine  
  89  9:26  SCV x3  
  89  9:29  Marine x3  
  95  9:34  Marine  
  95  9:38  Barracks Tech Lab, SCV x3  
  97  9:39  Barracks Reactor  
  97  9:41  Supply Depot  
  97  9:43  Supply Depot  
  99  9:46  Marine  
  99  9:50  SCV x3  
  103  9:53  Marine x2  
  103  9:54  Marine  
  103  9:57  Siege Tank  
  109  10:02  SCV x2  
  109  10:03  SCV  
  109  10:04  Marine  
  109  10:05  Marine  
  114  10:11  Marine x3  
  117  10:14  SCV  
  117  10:15  Terran Infantry Armor Level 1, SCV x2  
  117  10:17  Refinery  
  117  10:18  Medivac  
  117  10:19  Armory, Medivac  
  124  10:22  Marine x2  
  124  10:26  SCV  
  124  10:27  SCV x2  
  129  10:29  Siege Tank, Marine x2  
  129  10:34  Marine  
  129  10:35  Marine x2  
  137  10:39  SCV x3  
  137  10:40  Marine x2  
  142  10:47  Marine x2  
  142  10:51  SCV  
  142  10:52  Marine  
  142  12:19  Refinery  
  142  12:46  Marine x3  
  142  12:47  Marine x4  
  142  12:50  Siege Tank  
  142  12:51  Medivac x2  
  142  13:00  Terran Infantry Weapons Level 2, Terran Infantry Armor Level 2  
  142  13:02  Terran Vehicle Weapons Level 1  
  142  13:04  Factory, Marine x4  
  142  13:05  Marauder x3  
  142  13:07  Factory  
  142  13:17  Barracks  
  142  13:18  Barracks  
  142  13:19  Barracks  
  142  13:21  Medivac  
  142  13:22  Siege Tank, Marine x2, Supply Depot  
  142  13:26  Marauder  
  142  13:27  Marauder x2, Supply Depot  
  142  13:39  Command Center x2  
  142  13:42  Command Center  
  142  13:48  Marauder  
  142  13:54  Siege Tank  
  142  13:57  Command Center  
  142  14:00  Factory Tech Lab x2  
  142  14:03  Marine x6  
  142  14:06  Barracks Tech Lab  
  142  14:08  Barracks Tech Lab  
  142  14:09  Marine  
  142  14:12  Barracks Reactor  
  142  14:54  Planetary Fortress  
  142  14:55  Refinery  
  142  14:56  Refinery  
  142  14:57  Planetary Fortress  
  142  15:03  Command Center  
  142  15:16  Refinery  
  142  15:21  Refinery  
  142  15:51  Marine x2  
  142  15:52  Marine  
  142  16:16  Orbital Command  
  142  16:19  Command Center  
  142  16:40  Refinery  
  142  16:44  Refinery  
  142  16:53  Marine x2  
  142  17:11  Starport  
  142  17:13  Starport  
  142  18:10  Terran Infantry Weapons Level 3, Terran Infantry Armor Level 3  
  142  18:11  Terran Vehicle Weapons Level 2  
  142  18:19  Planetary Fortress  
  142  18:23  Viking  
  142  19:08  Refinery  
  142  20:44  Orbital Command  
  142  20:46  Command Center  
  142  20:47  Starport Tech Lab x2  
  142  20:59  Marine  
Show
View Real Time Build Order
Export as new Build Order

EchoSoldier Zerg 

Build Orders: Hatch First 

Get SALT Encoding   

  12  0:00  Drone  
  13  0:13  Overlord  
  13  0:17  Drone  
  14  0:31  Drone x2  
  14  0:35  Drone  
  17  0:46  Drone  
  18  0:56  Hatchery  
  17  0:58  Drone  
  18  1:12  Spawning Pool  
  18  1:17  Drone, Extractor  
  17  1:20  Drone  
  18  1:28  Drone  
  19  1:39  Drone  
  20  1:53  Drone  
  21  2:01  Roach Warren, Drone  
  20  2:07  Queen  
  23  2:08  Queen  
  23  2:09  Drone  
  23  2:12  Drone  
  27  2:17  Extractor  
  27  2:19  Overlord  
  26  2:25  Drone  
  27  2:30  Drone  
  28  2:39  Drone  
  28  2:41  Roach  
  33  2:44  Roach  
  33  2:51  Roach  
  33  2:55  Drone  
  36  3:08  Baneling Nest  
  36  3:09  Drone  
  36  3:17  Overlord x3  
  36  3:35  Queen  
  36  3:40  Drone x7  
  45  3:55  Roach x3  
  51  3:59  Drone x2  
  55  4:02  Drone x2  
  55  4:05  Drone  
  56  4:20  Hatchery  
  55  4:26  Zergling x8  
  55  4:29  Drone  
  55  4:30  Metabolic Boost  
  60  4:38  Overlord x2  
  60  4:48  Lair  
  60  4:55  Overlord x3  
  60  4:59  Roach  
  64  5:00  Roach x2  
  66  5:14  Zergling x2  
  66  5:15  Zergling x10  
  66  5:20  Drone  
  73  5:27  Zergling x2  
  74  5:30  Drone  
  74  5:34  Drone x2  
  76  5:41  Baneling x4  
  75  5:44  Drone x3  
  75  5:45  Centrifugal Hooks  
  75  5:46  Glial Reconstitution  
  78  5:51  Drone x2  
  80  6:12  Roach x7  
  94  6:20  Drone x2  
  96  6:31  Hatchery  
  95  6:35  Drone x3  
  95  6:36  Overlord  
  98  6:41  Overlord x2  
  98  6:52  Hydralisk Den  
  98  6:54  Infestation Pit  
  90  7:04  Zergling x10  
  90  7:05  Zergling x2  
  93  7:14  Zergling x2  
  93  7:15  Zergling x4  
  95  7:22  Spire  
  94  7:24  Zergling x2  
  94  7:25  Zergling x4  
  96  7:31  Zergling x6  
  99  7:38  Baneling x6  
  99  7:44  Drone x3  
  102  7:51  Drone x3  
  98  8:07  Zergling x2  
  98  8:08  Zergling x10  
  99  8:14  Roach x3  
  99  8:19  Drone  
  106  8:22  Extractor  
  105  8:27  Extractor  
  105  8:28  Hydralisk x3  
  105  8:29  Hydralisk  
  105  8:32  Baneling  
  105  8:33  Baneling x4  
  112  8:39  Mutalisk  
  114  8:44  Extractor  
  114  8:46  Drone x6, Extractor  
  118  8:59  Zergling x4  
  118  9:00  Zergling x6  
  84  9:10  Mutalisk x2  
  86  9:22  Zergling x12  
  87  9:52  Drone  
  88  9:53  Drone x10  
  95  10:02  Overlord  
  94  10:17  Mutalisk  
  94  10:18  Mutalisk x3  
  102  10:34  Drone x5  
  102  10:35  Drone x3  
  110  10:40  Drone x2  
  110  10:41  Drone  
Tags
 
Add a new tag
Caveats
  • Supply blocks, unpowered buildings, or Contaminate may cause inaccurate times.
  • Supply counts are checked every 10 seconds.